 Dungeon Crawl Stone Soup version 0.32-a0-468-g38b2580584 (webtiles) character file.

Game seed: 3235114334866664081

47 ezpacito the Trooper (level 3, -6/29 HPs)
             Began as a Demonspawn Chaos Knight on Feb 24, 2024.
             Was a Plaything of Xom.
             Killed from afar by a white imp (11 damage)
             ... with a puff of frost
             ... summoned by Xom
             ... on level 2 of the Dungeon.
             The game lasted 00:01:31 (1298 turns).

ezpacito the Trooper (Demonspawn Chaos Knight)      Turns: 1298, Time: 00:01:33

Health: -6/29      AC:  6    Str: 11 (14) XL:     3   Next: 48%
Magic:  3/3        EV: 11    Int: 11 (12) God:    Xom [*.....]
Gold:   1001       SH:  0    Dex: 11 (12) Spells: 3/3 levels left

rFire   . . .        a - +0 hand axe (chaos)
rCold   . . .        (no shield)
rNeg    . . .        b - +2 leather armour
rPois   .            (helmet restricted)
rElec   +            (no cloak)
rCorr   .            k - +0 pair of gloves
SInv    .            (no boots)
Will    .....        (no amulet)
Stlth   +            (no ring)
HPRegen 0.24/turn    (no ring)
MPRegen 0.08/turn

%: no passive effects
@: attractive
A: antennae 1, electricity resistance
a: Renounce Religion


You were on level 2 of the Dungeon.
You worshipped Xom.
You were a special plaything of Xom.
You visited 1 branch of the dungeon, and saw 2 of its levels.

You collected 1001 gold pieces.

Inventory:

Hand Weapons
 a - a +0 hand axe of chaos (weapon)
 i - a +1 vampiric war axe
Missiles
 n - 12 poisoned darts (quivered)
 o - 5 boomerangs
Armour
 b - a +2 leather armour (worn)
 k - a +0 pair of gloves (worn)
 l - a +0 helmet
Wands
 m - a wand of mindburst (1)
Scrolls
 c - a scroll of butterflies
 d - 2 scrolls of teleportation {unknown}
 g - 2 scrolls of identify {unknown}
 j - a scroll of blinking {unknown}
Potions
 f - a potion of curing
 h - a potion of attraction
 q - 2 potions of might {unknown}


   Skills:
 + Level 3.1 Fighting
 * Level 3.0 Axes
 + Level 0.0 Throwing
 * Level 2.1 Armour
 * Level 1.5 Dodging
 + Level 0.6 Stealth
 * Level 0.8 Unarmed Combat
 + Level 0.6 Spellcasting
 + Level 0.3 Evocations


You had 3 spell levels left.
You didn't know any spells.
Your spell library was empty.

Dungeon Overview and Level Annotations

Branches:
Dungeon (2/15)

Altars:

Shops:
D:1 =


Innate Abilities, Weirdness & Mutations

You have a pair of small antennae on your head.
You are resistant to electric shocks. (rElec)


Message History

You are too injured to fight recklessly!
You are too injured to fight recklessly!
You are too injured to fight recklessly!
You are too injured to fight recklessly!
You are too injured to fight recklessly!
You are too injured to fight recklessly!
You are too injured to fight recklessly!
You are too injured to fight recklessly!
You are too injured to fight recklessly!
You are too injured to fight recklessly!
You are too injured to fight recklessly!
You are too injured to fight recklessly!
It was a potion of degeneration.
There was something very wrong with that liquid.
You feel weakened.
You feel dopey.
You feel clumsy.
Xom thinks this is hilarious!
The white imp hits you. The white imp freezes you.
* * * LOW HITPOINT WARNING * * *
The ufetubus hits you.
* * * LOW HITPOINT WARNING * * *
The ufetubus barely misses you.
It was a potion of curing.
You feel better.
The ufetubus hits you but does no damage.
The ufetubus hits you.
The white imp picks up a beetle and eats it.
The white imp gestures at you. The puff of frost hits you!
* * * LOW HITPOINT WARNING * * *
The ufetubus hits you but does no damage. x2
It was a potion of attraction.
You feel attractive to monsters.
The white imp hits you but does no damage.
The ufetubus barely misses you. The ufetubus closely misses you.
It was a potion of mutation.
You feel extremely strange.
You feel insulated.
Xom thinks this is hilarious!
The ufetubus barely misses you. x2
The white imp gestures at you. The puff of frost hits you!
You die...

### ##### #.. #.... #.#
#.### #.# #.# #.# #.#
##+### #.# #.#
####....####.##########.###
......†.'5@5...........>...
........####.##########.###
####....# #.# #.# #....#
#.##########.### ######
#...............
######.#####.### #.# #.#
#.# #.# #.### #.###


You could see a white imp (summoned) and an ufetubus (summoned).

Vanquished Creatures
  2 adders (D:2)
  2 ribbon worms (D:2)
  A ball python (D:2)
  3 endoplasms (D:2)
  A hobgoblin (D:1)
  3 jackals (D:2)
  5 kobolds
  2 quokkas (D:2)
  A bat (D:1)
  A frilled lizard (D:2)
  3 rats
24 creatures vanquished.

Notes
Turn   | Place    | Note
-------+----------+-------------------------------------------
     0 | D:1      | ezpacito the Demonspawn Chaos Knight began the quest for
                  | the Orb.
     0 | D:1      | Reached XP level 1. HP: 18/18 MP: 1/1
    16 | D:1      | Reached skill level 1 in Dodging
    41 | D:1      | Found Tattueb's Jewellery Emporium.
    93 | D:1      | XOM: silly message
   505 | D:1      | XOM: silly message
   565 | D:2      | Discovered your monstrous ancestry.
   565 | D:2      | Gained mutation: You have a pair of small antennae on your
                  | head. [demonic ancestry]
   565 | D:2      | Reached XP level 2. HP: 24/24 MP: 2/2
   949 | D:2      | XOM: god gift: morningstar {god gift}
   971 | D:2      | XOM: god gift: 890 gold pieces
   984 | D:2      | Found a faded altar of an unknown god.
  1016 | D:2      | Reached XP level 3. HP: 28/29 MP: 3/3
  1050 | D:2      | XOM: summons 1 hostile shadow creature
  1264 | D:2      | XOM: smoke on damage
  1288 | D:2      | XOM: summons 2 hostile demons
  1298 | D:2      | Gained mutation: You are resistant to electric shocks.
                  | (rElec) [potion of mutation]
  1298 | D:2      | Killed from afar by a white imp

Illustrated notes

Levels and vault maps discovered:
D:1:      lordsloth_arrival_two_stooges, layout_basic, serial_shops,
          shop_statue, columned_hall_lemuel
D:2:      cheibrodos_old_hovel, layout_basic, shapermc_ecumenical_altar_venn,
          nrook_mini_backslash

Skill      XL: |  1  2  3 |
---------------+----------+-----
Dodging        | 1 |  1.5
Armour         | 2 |  2.1
Axes           | 3 |  3.0
Fighting       | |  3.1
Stealth        | |  0.6
Unarmed Combat | |  0.8
Spellcasting   | |  0.6
Evocations     | |  0.3

Action                     || total
---------------------------++-------
  Melee: Hand axe          ||   102
    Use: Potion            ||     4
   Stab: Petrified         ||    10
         Petrifying        ||     1
 Armour: Leather armour    ||    58
  Dodge: Dodged            ||    67

Table legend: (Time is in decaauts)
 A = Elapsed time spent in this place.
 B = Non-inter-level travel time spent in this place.
 C = Inter-level travel time spent in this place.
 D = Time resting spent in this place.
 E = Time spent auto-exploring this place.
 F = Levels seen in this place.
 G = Mean time per level.
                   A        B        C        D        E       F      G
               +--------+--------+--------+--------+--------+-----+--------+
         Total |   1313 |   1230 |     83 |      0 |    997 |   2 |  656.5 |
       Dungeon |   1313 |   1230 |     83 |      0 |    997 |   2 |  656.5 |
               +--------+--------+--------+--------+--------+-----+--------+

Top non-repeatable levels by time:
     D:2: 770 daAuts
     D:1: 543 daAuts
